[Event "Maspork TJ Nachod-C.Skalice 8:0"]
[Site "Náchod"]
[Date "2005.02.06"]
[Round "7.1"]
[White "Vrnata, Jiri"]
[Black "Kubec, Jiri"]
[Result "1-0"]
[ECO "B30"]
[WhiteElo "1954"]
[BlackElo "1873"]
[PlyCount "65"]
[TimeControl "240+2"]

{192MB, Fritz8.ctg, CHESS
} 1. e4 c5 2. Nf3 Nc6 3. Bb5 a6 4. Bxc6 bxc6 5. d3 g6
6. Nbd2 Bg7 7. O-O Rb8 8. Rb1 d5 9. Re1 Qc7 10. h3 h5 11. c4 d4 12. Qa4 Rb4 13.
Qa3 e5 14. Nb3 Bf8 15. Bd2 Rb8 16. Qa5 Qd6 17. Na1 f6 18. Nc2 Be7 19. b4 Qd8
20. Qa4 Qd7 21. bxc5 Rxb1 22. Rxb1 g5 23. Nb4 Bb7 24. Nxa6 Nh6 25. Nb8 Qc8 26.
Qa7 g4 27. Nh4 gxh3 28. Qxb7 Qg4 29. Nxc6 Ng8 30. Nxe7 h2+ 31. Kh1 Qxh4 32.
Nxg8 Qxf2 33. Qe7# 1-0

[Event "Maspork TJ Nachod-C.Skalice 8:0"]
[Site "Náchod"]
[Date "2005.02.06"]
[Round "7.2"]
[White "Sretr, Josef"]
[Black "Kuchar, Jiri"]
[Result "0-1"]
[ECO "D48"]
[WhiteElo "1866"]
[BlackElo "1964"]
[PlyCount "72"]
[TimeControl "240+2"]

{192MB, Fritz8.ctg, CHESS
} 1. d4 d5 2. c4 e6 3. Nc3 Nf6 4. Nf3 c6 5. e3 Nbd7
6. Bd3 dxc4 7. Bxc4 b5 8. Bd3 a6 9. O-O Bb7 10. Qe2 c5 11. Rd1 c4 12. Bc2 Qc7
13. Bd2 b4 14. Na4 Ne4 15. Be1 Bd6 16. Rac1 Rc8 17. h3 O-O 18. Nd2 Nxd2 19.
Bxd2 Qc6 20. f3 Qb5 21. Qe1 e5 22. a3 a5 23. axb4 axb4 24. Qh4 f5 25. b3 c3 26.
Be1 e4 27. Bg3 Bxg3 28. Qxg3 exf3 29. gxf3 Qe2 30. Re1 Qxf3 31. Qxf3 Bxf3 32.
e4 Bxe4 33. Bxe4 fxe4 34. Rxe4 Rce8 35. Rxe8 Rxe8 36. Kf2 Re4 0-1

[Event "Maspork TJ Nachod-C.Skalice 8:0"]
[Site "Náchod"]
[Date "2005.02.06"]
[Round "7.3"]
[White "Nyvlt, Otto"]
[Black "Jansky, Pavel"]
[Result "1-0"]
[ECO "D30"]
[WhiteElo "1889"]
[BlackElo "1758"]
[PlyCount "53"]
[TimeControl "240+2"]

{192MB, Fritz8.ctg, CHESS
} 1. d4 e6 2. c4 d5 3. Nf3 Nf6 4. Bg5 b6 5. e3 Be7 6.
Bd3 Ne4 7. Bxe7 Qxe7 8. O-O O-O 9. Qc2 Bb7 10. Nbd2 f5 11. Rac1 Nd7 12. cxd5
Bxd5 13. Nxe4 fxe4 14. Bxe4 Bxe4 15. Qxe4 Nf6 16. Qe5 c5 17. dxc5 Nd7 18. Qd6
Qe8 19. cxb6 Nxb6 20. Rc7 Rf6 21. Qe7 Qg6 22. Ne5 Qg5 23. h4 Qh6 24. Ng4 Qg6
25. Nxf6+ gxf6 26. Qxe6+ Kh8 27. Rf7 1-0

[Event "Maspork TJ Nachod-C.Skalice 8:0"]
[Site "Náchod"]
[Date "2005.02.06"]
[Round "7.6"]
[White "Krecek, Karel"]
[Black "Gogela, Jan"]
[Result "0-1"]
[ECO "B92"]
[WhiteElo "1678"]
[BlackElo "1957"]
[PlyCount "102"]
[TimeControl "240+2"]

{192MB, Fritz8.ctg, CHESS
} 1. e4 c5 2. Nf3 d6 3. d4 cxd4 4. Nxd4 Nf6 5. Nc3 a6
6. Be2 e5 7. Nf3 Be7 8. O-O b5 9. a3 Bb7 10. Bg5 Nxe4 11. Bxe7 Qxe7 12. Nd5 Qd8
13. c4 bxc4 14. Bxc4 O-O 15. Re1 Nf6 16. Qb3 Bxd5 17. Bxd5 Ra7 18. Rac1 Nbd7
19. Qd1 Nxd5 20. Qxd5 Nf6 21. Qc6 e4 22. Nd4 g6 23. b4 d5 24. Qc3 Qd6 25. Qc5
Rd7 26. Qxd6 Rxd6 27. Rc2 Nh5 28. g3 f5 29. Rc6 Rxc6 30. Nxc6 Kg7 31. Rd1 Nf6
32. Nd4 Rc8 33. Ne6+ Kf7 34. Nc5 a5 35. h3 Ke7 36. Kf1 axb4 37. axb4 Kd6 38.
Rc1 Rb8 39. Rb1 Nd7 40. Nxd7 Kxd7 41. Ke2 d4 42. b5 Kd6 43. h4 Rb6 44. Kd2 Kc5
45. Rc1+ Kxb5 46. Rc7 h5 47. Rd7 Kc5 48. Rc7+ Kd5 49. Rc2 Rb3 50. Ra2 e3+ 51.
fxe3 Rxe3 0-1

[Event "Maspork TJ Nachod-C.Skalice 8:0"]
[Site "Náchod"]
[Date "2005.02.06"]
[Round "7.5"]
[White "Bazant, Zdenek"]
[Black "Lesk, Bretislav"]
[Result "1-0"]
[ECO "C41"]
[WhiteElo "1917"]
[BlackElo "1595"]
[PlyCount "81"]
[TimeControl "240+2"]

{192MB, Fritz8.ctg, CHESS
} 1. e4 e5 2. Nf3 d6 3. d4 Bg4 4. dxe5 Bxf3 5. gxf3
dxe5 6. Qxd8+ Kxd8 7. Bc4 Ke8 8. f4 Nf6 9. f3 Bd6 10. fxe5 Bxe5 11. O-O h6 12.
c3 c6 13. f4 Bc7 14. e5 Bb6+ 15. Kg2 Nfd7 16. e6 fxe6 17. Bxe6 Nf6 18. Na3 Kd8
19. Nc4 Bc5 20. b4 Be7 21. Be3 b5 22. Rad1+ Kc7 23. Ne5 Rd8 24. Rxd8 Bxd8 25.
Rd1 Be7 26. Nf7 a5 27. a3 axb4 28. axb4 Ra3 29. Bd4 Kb7 30. Be5 Ra6 31. Nd8+
Ka8 32. Bc8 Ra2+ 33. Kf3 Ra7 34. Bxb8 Bxd8 35. Bxa7 Kxa7 36. Rxd8 Nd5 37. Rxd5
cxd5 38. Be6 d4 39. cxd4 Kb6 40. Ke4 Kc6 41. Ke5 1-0